 Dungeon Crawl Stone Soup version 0.26.1-11-gd32895ea62 (webtiles) character file.

Game seed: 12475049249431828476

77 ubername the Chopper (level 4, -4/60 HPs)
             Began as a Hill Orc Monk on Apr 29, 2021.
             Slain by a gnoll
             ... wielding a +0 whip of venom
              (7 damage)
             ... on level 2 of the Dungeon.
             The game lasted 00:02:27 (1362 turns).

ubername the Chopper (Hill Orc Monk)                Turns: 1362, Time: 00:02:28

Health: -4/60      AC:  5    Str: 14    XL:     4   Next: 34%
Magic:  4/4        EV: 11    Int: 10    God:
Gold:   12         SH:  5    Dex: 13    Spells: 3/3 levels left

rFire    . . .     SeeInvis .   a - +0 hand axe
rCold    . . .     Faith    .   e - +2 buckler
rNeg     . . .     Spirit   .   n - +0 ring mail
rPois    .         Reflect  .   (no helmet)
rElec    .         Harm     .   (no cloak)
rCorr    .         Rampage  .   (no gloves)
Will     .....                  (no boots)
Stlth    ..........             (no amulet)
HPRegen  0.20/turn              (no ring)
MPRegen  0.09/turn              (no ring)

@: berserking (expiring), very quick
A: no striking features
a: no special abilities


You were on level 2 of the Dungeon.
You visited 1 branch of the dungeon, and saw 2 of its levels.

You collected 12 gold pieces.

Inventory:

Hand Weapons
 a - a +0 hand axe (weapon)
Missiles
 f - 37 stones (quivered)
 h - 18 sling bullets
Armour
 b - a +0 robe
 e - a +2 buckler (worn)
 g - a +0 chain mail
 j - a +0 chain mail
 n - a +0 ring mail (worn)
Jewellery
 m - a cursed ring of attention {unknown}
Scrolls
 d - a scroll of identify {unknown}
 i - a scroll of teleportation {unknown}
 l - a scroll of noise {unknown}
Potions
 c - 2 potions of berserk rage
 k - a potion of brilliance {unknown}


   Skills:
 * Level 4.3 Fighting
 * Level 5.1 Axes
 * Level 0.6 Armour
 - Level 2.7 Dodging
 - Level 1.7 Stealth
 * Level 0.5 Shields
 * Level 0.6 Conjurations
 * Level 0.6 Invocations


You had 3 spell levels left.
You didn't know any spells.
Your spell library was empty.

Dungeon Overview and Level Annotations

Branches:
Dungeon (2/15)

Altars:
Elyvilon


Message History

The leopard gecko bites you but does no damage.
You see here a +0 halberd.
You miss the leopard gecko.
The leopard gecko bites you but does no damage.
You closely miss the leopard gecko. The leopard gecko barely misses you.
You closely miss the leopard gecko. The leopard gecko bites you.
* * * LOW HITPOINT WARNING * * *
You barely miss the leopard gecko. The leopard gecko bites you.
* * * LOW HITPOINT WARNING * * *
You slash the leopard gecko!
You kill the leopard gecko!
You closely miss the rat. The rat closely misses you.
You hit the rat.
You kill the rat!
The gnoll hits you from afar with a +0 spear of venom.
* * * LOW HITPOINT WARNING * * *
You closely miss the gnoll. You closely miss the gnoll.
The gnoll hits you with a +0 whip of venom!
You die...

#..#...## #... #....
#.....######..#####.###
##...............>...#
..........#######....#####
#.....####.# ##.......#
..###.##...# ####...#.....
# ##.##.### ##...)#.......
#.....#####..#..........
#...#.g@†..(#..######.#.
######..#.g#####...## ...
........#.## #..### #.
.....#....# #.##
........#######<#
!.......# #....# .........
#.#### .<........ #
.......lg.g


You could see 2 gnolls.

Vanquished Creatures
  A worker ant (D:2)
  2 gnolls (D:2)
  A dart slug (D:1)
  2 leopard geckos
  2 bats
  2 giant cockroaches (D:1)
  4 goblins
  4 hobgoblins
  A ball python (D:1)
  4 frilled lizards
  5 kobolds
  2 rats (D:2)
30 creatures vanquished.

Notes
Turn   | Place    | Note
-------+----------+-------------------------------------------
     0 | D:1      | ubername the Hill Orc Monk began the quest for the Orb.
     0 | D:1      | Reached XP level 1. HP: 19/19 MP: 1/1
   203 | D:1      | Reached XP level 2. HP: 23/27 MP: 2/2
  1063 | D:2      | Reached XP level 3. HP: 31/33 MP: 3/3
  1247 | D:2      | Found a white marble altar of Elyvilon.
  1348 | D:2      | Reached skill level 5 in Axes
  1348 | D:2      | Reached XP level 4. HP: 13/40 MP: 4/4
  1360 | D:2      | HP: 3/60 [gnoll/+0 spear of venom (2)]
  1362 | D:2      | Slain by a gnoll

Illustrated notes

Levels and vault maps discovered:
D:1:      matt_arrival_diagonals, layout_basic
D:2:      layout_rooms, elyvilon_altar_1, cheibrodos_gnoll_hut

Skill      XL: |  1  2  3 |
---------------+----------+-----
Fighting       | 4 |  4.3
Axes           | 5 |  5.1
Armour         | |  0.6
Dodging        | |  2.7
Stealth        | |  1.7
Shields        | |  0.5
Conjurations   | |  0.6
Invocations    | |  0.6

Action                   |  1- 3 |  4- 6 || total
-------------------------+-------+-------++-------
Melee: Hand axe          |    94 |    12 ||   106
  Use: Potion            |       |     1 ||     1
Armor: Robe              |    10 |       ||    10
       Chain mail        |     5 |       ||     5
       Ring mail         |     4 |     2 ||     6
Dodge: Dodged            |    62 |     5 ||    67
Block: Buckler           |    15 |       ||    15
